 Dungeon Crawl Stone Soup version 0.24-a0-280-g7cec4da (webtiles) character file.

Game seed: 7995655943739211689

413 TheGoonsmith the Changer (level 6, 0/47 HPs)
             Began as a Merfolk Transmuter on May 1, 2019.
             Was an Initiate of Ru.
             Killed from afar by Blork the orc (6 damage)
             ... with a puff of flame
             ... on level 4 of the Dungeon.
             The game lasted 00:07:34 (3693 turns).

TheGoonsmith the Changer (Merfolk Transmuter)       Turns: 3693, Time: 00:07:34

Health: 0/47       AC:  3    Str: 10    XL:     6   Next: 90%
Magic:  4/9        EV: 13    Int: 15    God:    Ru [......]
Gold:   118        SH:  0    Dex: 14    Spells: 3/9 levels left

rFire    . . .     SeeInvis .     - Unarmed
rCold    . . .     Gourm    .   (no shield)
rNeg     . . .     Faith    .   b - +0 robe
rPois    .         Spirit   .   i - +0 helmet
rElec    .         Reflect  .   h - scarf {cloud immunity}
rCorr    .         Harm     .   (no gloves)
MR       .....                  (no boots)
Stlth    +.........             (no amulet)
HPRegen  0.15/turn              (no ring)
MPRegen  0.11/turn              (no ring)

@: no status effects
A: change form in water, swift swim, stealthy swim
a: Renounce Religion


You were on level 4 of the Dungeon.
You worshipped Ru.
Ru was noncommittal.
You were hungry.

You visited 1 branch of the dungeon, and saw 4 of its levels.

You collected 118 gold pieces.

Inventory:

Missiles
 a - 9 arrows
Armour
 b - a +0 robe (worn)
 h - a scarf of cloud immunity (worn)
 i - a +0 helmet (worn)
Jewellery
 j - an uncursed ring of protection from fire {unknown}
 l - an uncursed amulet of the acrobat {unknown}
 r - an uncursed amulet of the gourmand {unknown}
Wands
 m - a wand of digging (4)
Scrolls
 f - a scroll of fear {unknown}
 n - a scroll of remove curse {unknown}
 q - a scroll of magic mapping {unknown}
 s - a scroll of identify {unknown}
Potions
 c - 2 potions of cancellation
 e - 2 potions of lignification {unknown}
 g - 2 potions of resistance {unknown}
 k - a potion of berserk rage {unknown}
 o - a potion of haste {unknown}
 p - 2 potions of mutation {unknown}
Comestibles
 d - 2 rations


   Skills:
 + Level 3.5 Fighting
 + Level 3.4 Dodging
 - Level 5.0 Unarmed Combat
 - Level 2.0 Spellcasting
 - Level 6.1 Transmutations
 - Level 2.0 Poison Magic


You had 3 spell levels left.
You knew the following spells:

 Your Spells              Type           Power        Failure   Level  Hunger
a - Beastly Appendage     Tmut           ###...       1%          1    #......
b - Sticks to Snakes      Tmut           ###.....     2%          2    ###....
c - Spider Form           Tmut/Pois      ##........   13%         3    ###....

Your spell library contained the following spells:

 Spells                   Type           Power        Failure   Level  Hunger
 Blade Hands              Tmut           ###.......   45%         5    ######.
 Ice Form                 Ice/Tmut       ##......     54%         4    #####..


Dungeon Overview and Level Annotations

Branches:
Dungeon (4/15)
 Temple: D:4-7

Altars:
Elyvilon
Okawaru
Ru
Uskayaw

Annotations:
D:4 Blork the orc


Message History

You open the door. Something hits you.
There is an open door here.
A puff of frost appears from out of thin air!
The puff of frost hits you! Something hits you!
* * * LOW HITPOINT WARNING * * *
Something closely misses your ball python.
Something barely misses your ball python.
A puff of flame appears from out of thin air!
The puff of flame hits your ball python.
Your ball python dies!
Something hits you.
* * * LOW HITPOINT WARNING * * *
It was a potion of cancellation.
You feel magically purged.
Your magical contamination has completely faded away.
Something hits you but does no damage.
You hear some strange, mumbled words.
A puff of flame appears from out of thin air!
The puff of flame hits you.
You die...

##...........###
#.............#
##....#.......# ..
##...#.......# ....
#...........## ##....
#......#.....######.....
###...##.....#.......#..
##....##.............#..
#......@..............##
##.....#...............#
#..................†...
##......#............#.
##.....#......##....#
####..#...<.##.......
##.......###..###.
##.#..÷..###.# #
###....## ###


There were no monsters in sight!

Vanquished Creatures
  An ogre (D:3)
  A howler monkey (D:4)
  A crimson imp (D:4)
  A bullfrog skeleton (D:3)
  A hound (D:4)
  Robin (D:3)
  7 adders
  An ooze (D:4)
  An adder skeleton (D:2)
  4 worms (D:2)
  5 dart slugs
  3 leopard geckos
  3 orcs
  2 giant cockroaches
  7 hobgoblins
  7 jackals
  3 quokkas
  A ball python (D:2)
  6 bats
  2 frilled lizards
  19 goblins
  12 kobolds
  8 rats
97 creatures vanquished.

Notes
Turn   | Place    | Note
-------+----------+-------------------------------------------
     0 | D:1      | TheGoonsmith the Merfolk Transmuter began the quest for the
                  | Orb.
     0 | D:1      | Reached XP level 1. HP: 15/15 MP: 3/3
    64 | D:1      | Reached skill level 3 in Transmutations
    69 | D:1      | Reached XP level 2. HP: 11/21 MP: 5/5
   379 | D:1      | Learned a level 2 spell: Sticks to Snakes
   665 | D:1      | Reached XP level 3. HP: 20/26 MP: 4/6
   817 | D:1      | Learned a level 3 spell: Spider Form
  1452 | D:2      | Reached XP level 4. HP: 31/32 MP: 7/7
  1515 | D:2      | Reached skill level 4 in Transmutations
  1764 | D:2      | Reached skill level 5 in Unarmed Combat
  2155 | D:2      | Found a sacrificial altar of Ru.
  2228 | D:2      | Became a worshipper of Ru the Awakened
  2316 | D:2      | Found an iron altar of Okawaru.
  2316 | D:2      | Found a hide-covered altar of Uskayaw.
  2394 | D:2      | Reached XP level 5. HP: 36/37 MP: 8/8
  2431 | D:3      | Reached skill level 5 in Transmutations
  2941 | D:3      | Noticed an ogre
  2953 | D:3      | Killed an ogre
  2953 | D:3      | Reached skill level 1 in Poison Magic
  2953 | D:3      | Reached XP level 6. HP: 46/46 MP: 6/9
  3037 | D:3      | Noticed Robin
  3049 | D:3      | Killed Robin
  3547 | D:4      | Reached skill level 6 in Transmutations
  3656 | D:4      | Noticed Blork the orc
  3673 | D:4      | Found a white marble altar of Elyvilon.
  3693 | D:4      | Killed from afar by Blork the orc

Levels and vault maps discovered:
D:1:      dpeg_arrival_radiant, layout_basic
D:2:      minmay_evil_eye, layout_basic, amethyst_overflow_temple_binary,
          nicolae_overflow_crystal_walls, chequers_serial_rivers_micro_b
D:3:      layout_basic, uniq_robin
D:4:      layout_cave_pools, kennysheep_mini, makhleb_grotto_becter,
          kennysheep_windowed_goal, uniq_blork_the_orc, uniq_crazy_yiuf_cottage

Skill      XL: |  1  2  3  4  5  6 |
---------------+-------------------+-----
Transmutations | 3 4 5 6 |  6.1
Unarmed Combat | 4 5 |  5.0
Fighting       | 2 3 |  3.5
Poison Magic   | 1 2 |  2.0
Dodging        | 3 |  3.4
Spellcasting   | |  2.0

Action                   |  1- 3 |  4- 6 || total
-------------------------+-------+-------++-------
Melee: Unarmed           |   105 |   164 ||   269
       Headbutt          |    13 |       ||    13
       Punch             |     1 |       ||     1
 Cast: Beastly Appendage |     9 |       ||     9
       Spider Form       |     3 |    15 ||    18
       Sticks to Snakes  |       |     3 ||     3
  Use: Potion            |       |     1 ||     1
 Stab: Sleeping          |       |     1 ||     1
  Eat: Chunk             |     2 |     9 ||    11
Armor: Robe              |    16 |    24 ||    40
       Skin              |       |     4 ||     4
Dodge: Dodged            |    56 |   186 ||   242

Table legend:
 A = Non-vault XP
 B = Vault XP
 C = Vault XP percentage of total XP
 D = Non-vault monster count
 E = Vault monster count
 F = Vault count percentage of total count
                 A         B        C        D         E       F
            +---------+---------+-------+---------+---------+-------
      Total |     490 |     100 |  16.9 |      81 |      16 |  16.5
            +---------+---------+-------+---------+---------+-------
        D:1 |      44 |       0 |   0.0 |      23 |       0 |   0.0
        D:2 |     109 |      16 |  12.8 |      32 |       3 |   8.6
        D:3 |     230 |      38 |  14.2 |      21 |      12 |  36.4
        D:4 |     107 |      46 |  30.1 |       5 |       1 |  16.7
            +---------+---------+-------+---------+---------+-------
